 Dungeon Crawl Stone Soup version 0.28-a0-1493-g08698888e4 (webtiles) character file.

Game seed: 1198929497466995940

287 knot the Chopper (level 6, 47/47 HPs)
             Began as a Demonspawn Berserker on Jan 13, 2022.
             Was a Believer of Trog.
             Quit the game on level 4 of the Dungeon.
             The game lasted 00:05:18 (5320 turns).

knot the Chopper (Demonspawn Berserker)             Turns: 5320, Time: 00:05:18

Health: 47/47      AC:  8    Str: 17    XL:     6   Next: 8%
Magic:  6/6        EV: 11    Int: 11    God:    Trog [**....]
Gold:   104        SH:  0    Dex: 12    Spells: 5/5 levels left

rFire   . . .      SeeInvis .   b - +0 war axe
rCold   . . .      Faith    .   (no shield)
rNeg    . . .      Spirit   .   l - +0 ring mail
rPois   .          Reflect  .   (helmet restricted)
rElec   .          Harm     .   n - +0 cloak
rCorr   .          Rampage  .   (no gloves)
Will    .....                   (no boots)
Stlth   +.........              (no amulet)
HPRegen 0.15/turn               (no ring)
MPRegen 0.10/turn               (no ring)

@: on berserk cooldown, slowed, very slow
A: antennae 1, thin metallic scales 1
a: Renounce Religion, Berserk, Trog's Hand


You were on level 4 of the Dungeon.
You worshipped Trog.
Trog was pleased with you.
You visited 1 branch of the dungeon, and saw 4 of its levels.

You collected 104 gold pieces.

Inventory:

Hand Weapons
 b - a +0 war axe (weapon)
Missiles
 e - 101 stones (quivered)
Armour
 l - a +0 ring mail (worn)
 n - a +0 cloak (worn)
Jewellery
 k - a ring of flight
Scrolls
 a - a scroll of teleportation {unknown}
 c - 3 scrolls of identify {unknown}
 f - a scroll of enchant weapon {unknown}
 g - a scroll of enchant armour {unknown}
 j - a scroll of fog {unknown}
Potions
 d - a potion of lignification {unknown}
 h - a potion of mutation {unknown}
 i - 3 potions of curing {unknown}


   Skills:
 - Level 3.0 Fighting
 * Level 5.1 Axes
 * Level 3.2 Throwing
 - Level 1.7 Armour
 - Level 1.7 Dodging


You had 5 spell levels left.
You didn't know any spells.
Your spell library was empty.

Dungeon Overview and Level Annotations

Branches:
Dungeon (4/15)
 Temple: D:4-7

Altars:

Shops:
D:2 =


Innate Abilities, Weirdness & Mutations

You have a pair of small antennae on your head.
You are partially covered in thin metallic scales. (AC +2)


Message History

You hit the orc priest.
The orc priest is moderately wounded.
You barely miss the orc. The orc misses you.
The orc priest hits you but does no damage.
You barely miss the orc priest.
The orc priest is moderately wounded.
You closely miss the orc.
You are no longer berserk.
You are exhausted.
You feel yourself slow down.
You slash the orc priest!
The orc priest is almost dead.
You hit the orc.
You feel the effects of Trog's Hand fading.
The orc barely misses you. The orc priest barely misses you.
The orc barely misses you.
The orc priest calls upon Beogh to heal the orc.
The orc's wounds heal themselves!
You hit the orc priest.
You kill the orc priest!
Trog accepts your kill.
You hit the orc. The orc closely misses you.
The orc hits you with a +3 hand axe.
You have reached level 6!
Your demonic ancestry asserts itself...
Thin metallic scales grow over part of your body.
You hit the orc.
You kill the orc!
Trog accepts your kill.
Your skin stops crawling.
You feel less strong-willed.
Things that are here:
a +3 hand axe; an orc corpse
Things that are here:
a +0 whip; a kobold corpse
Items here: )) [ †.
Things that are here:
a +0 dagger; a goblin corpse
Items here: )) [ †.
Okay, then.
Are you sure you want to abandon this character and quit the game? (Confirm with "yes".)

##.....##
#.......##
.........##
.!........
.........
#.......#
#....))#
##...#.#####.#.#
##+##)@)......#
#....<)....###
#.#######..# #
.# #


There were no monsters in sight!

Vanquished Creatures
  An orc priest (D:4)
  Crazy Yiuf (D:3)
  An orc wizard (D:4)
  Robin (D:3)
  4 gnolls
  4 adders
  2 dart slugs (D:1)
  4 orcs
  9 ball pythons
  7 bats
  12 endoplasms
  4 giant cockroaches
  16 goblins
  6 hobgoblins
  11 jackals
  9 kobolds
  4 quokkas
  3 frilled lizards
  4 rats (D:3)
103 creatures vanquished.

Notes
Turn   | Place    | Note
-------+----------+-------------------------------------------
     0 | D:1      | knot the Demonspawn Berserker began the quest for the Orb.
     0 | D:1      | Reached XP level 1. HP: 18/18 MP: 1/1
    17 | D:1      | HP: 1/27 [quokka (2)]
   417 | D:1      | Reached skill level 3 in Axes
   424 | D:1      | Gained mutation: You have a pair of small antennae on your
                  | head. [demonic ancestry]
   424 | D:1      | Reached XP level 2. HP: 18/24 MP: 2/2
  1100 | D:1      | Reached XP level 3. HP: 17/29 MP: 3/3
  1762 | D:2      | Reached skill level 4 in Axes
  1819 | D:2      | Reached skill level 1 in Throwing
  2184 | D:2      | Found a faded altar of an unknown god.
  2346 | D:2      | Reached XP level 4. HP: 35/35 MP: 4/4
  2382 | D:2      | Found Isytou's One-of-a-Kind Rings.
  3796 | D:3      | Reached ** piety under Trog
  3924 | D:3      | Reached XP level 5. HP: 41/41 MP: 5/5
  4864 | D:3      | Found a runed translucent door.
  4867 | D:3      | Noticed Crazy Yiuf
  4874 | D:3      | Killed Crazy Yiuf
  5205 | D:4      | Noticed Robin
  5256 | D:3      | Killed Robin
  5309 | D:4      | Reached skill level 5 in Axes
  5313 | D:4      | Gained mutation: You are partially covered in thin metallic
                  | scales. (AC +2) [demonic ancestry]
  5313 | D:4      | Reached XP level 6. HP: 46/47 MP: 6/6
  5320 | D:4      | Quit the game

Illustrated notes

Levels and vault maps discovered:
D:1:      minmay_arrival_stone_box, layout_loops_ring, serial_glass,
          glass_columns_a, glass_columns_a, glass_columns_a, glass_columns_b,
          glass_columns_a, glass_columns_b, glass_columns_a, glass_columns_a,
          glass_columns_a, glass_columns_a, glass_columns_a, glass_columns_c,
          glass_columns_a, glass_columns_a
D:2:      layout_basic, hellmonk_ecumenical_altar_crossroads,
          nicolae_shop_unique_rings, corexii_hall_statues_t
D:3:      layout_basic, interstate_on_off, uniq_crazy_yiuf_cottage
D:4:      layout_loops_corners, nicolae_elyvilon_temple_path,
          minmay_temple_entry_proselytizer, minivault_14, uniq_duvessa,
          uniq_robin

Skill      XL: |  1  2  3  4  5 |
---------------+----------------+-----
Axes           | 3 4 5 |  5.1
Throwing       | 1 2 3 |  3.2
Fighting       | |  3.0
Armour         | |  1.7
Dodging        | |  1.7

Action                   |  1- 3 |  4- 6 || total
-------------------------+-------+-------++-------
Melee: Hand axe          |   119 |    25 ||   144
       Punch             |     3 |     1 ||     4
       War axe           |       |   100 ||   100
Throw: Stone             |       |     6 ||     6
Invok: Berserk           |     4 |     7 ||    11
       Trog's Hand       |       |     2 ||     2
 Stab: Sleeping          |     1 |       ||     1
Armor: Animal skin       |    21 |     1 ||    22
       Ring mail         |       |    52 ||    52
Dodge: Dodged            |    83 |    89 ||   172

Table legend: (Time is in decaauts)
 A = Elapsed time spent in this place.
 B = Non-inter-level travel time spent in this place.
 C = Inter-level travel time spent in this place.
 D = Time resting spent in this place.
 E = Time spent auto-exploring this place.
 F = Levels seen in this place.
 G = Mean time per level.
                   A        B        C        D        E       F      G
               +--------+--------+--------+--------+--------+-----+--------+
         Total |   5463 |   5257 |    206 |   2047 |   2582 |   4 | 1365.8 |
       Dungeon |   5463 |   5257 |    206 |   2047 |   2582 |   4 | 1365.8 |
               +--------+--------+--------+--------+--------+-----+--------+

Top non-repeatable levels by time:
     D:2: 1868 daAuts
     D:3: 1795 daAuts
     D:1: 1765 daAuts
     D:4: 34 daAuts
